 Dungeon Crawl Stone Soup version 0.25-b1-23-ge2ad7d536c (webtiles) character file.

Game seed: 9430454206961617242, levelgen mode: deterministic

84 AnimalWaves the Chopper (level 4, 0/40 HPs)
             Began as a Minotaur Berserker on June 3, 2020.
             Was a Believer of Trog.
             Succumbed to an adder's poison
             ... on level 2 of the Dungeon.
             The game lasted 00:02:18 (1172 turns).

AnimalWaves the Chopper (Minotaur Berserker)        Turns: 1172, Time: 00:02:19

Health: 0/40       AC:  2    Str: 21    XL:     4   Next: 24%
Magic:  3/3        EV: 12    Int:  4    God:    Trog [**....]
Gold:   37         SH:  0    Dex: 11    Spells: 3/3 levels left

rFire    . . .     SeeInvis .   a - +0 hand axe
rCold    . . .     Gourm    .   (no shield)
rNeg     . . .     Faith    .   b - +0 animal skin
rPois    .         Spirit   .   (helmet restricted)
rElec    .         Reflect  .   (no cloak)
rCorr    .         Harm     .   (no gloves)
MR       .....                  (no boots)
Stlth    +.........             (no amulet)
HPRegen  0.13/turn              (no ring)
MPRegen  0.08/turn              (no ring)

@: brilliant, lethally poisoned (0 -> -1), berserk cooldown, slowed, very slow
A: retaliatory headbutt, horns 2
a: Berserk, Trog's Hand, Renounce Religion


You were on level 2 of the Dungeon.
You worshipped Trog.
Trog was pleased with you.
You were hungry.

You visited 1 branch of the dungeon, and saw 2 of its levels.

You collected 37 gold pieces.

Inventory:

Hand Weapons
 a - a +0 hand axe (weapon)
Armour
 b - a +0 animal skin (worn)
Scrolls
 f - a scroll of teleportation
 g - a scroll of identify
 h - a scroll of fear
Comestibles
 c - 2 rations


   Skills:
 - Level 3.9 Fighting
 + Level 5.8 Axes
 - Level 2.5 Armour
 - Level 2.3 Dodging


You had 3 spell levels left.
You didn't know any spells.
Your spell library was empty.

Dungeon Overview and Level Annotations

Branches:
Dungeon (2/15)

Altars:


Innate Abilities, Weirdness & Mutations

You reflexively headbutt those who attack you in melee.
You have a pair of horns on your head.


Message History

You feel sick.
Unknown command.
You're still recovering from your berserk rage.
You aren't carrying any potions.
As you read the scroll labeled FIBRAL BEIH, it crumbles to dust.
You feel blessed for a moment.
It was a scroll of remove curse.
* * * LOW HITPOINT WARNING * * *
You feel sick.
As you read the scroll labeled XUALAA KIFUDGH, it crumbles to dust.
You feel strangely unstable.
It was a scroll of teleportation.
All of the chunks of flesh in your inventory have rotted away.
As you read the scroll labeled HAYXKA ZAKHLINU, it crumbles to dust.
It is a scroll of identify.
h - a scroll of fear Your surroundings suddenly seem different.
* * * LOW HITPOINT WARNING * * *
You feel sick.
* * * LOW HITPOINT WARNING * * *
You feel sick.
You die...

# .#
#######.#
#.......#
#.......#.##
#..........#
#...@......#
#..........#
#.......#...
#.......# #
...........
###.......###
#.......#
#.......#


There were no monsters in sight!

Vanquished Creatures
  3 gnolls (D:2)
  An adder (D:2)
  An ooze (D:2)
  A dart slug (D:1)
  2 leopard geckos
  4 giant cockroaches
  7 goblins
  5 hobgoblins (D:1)
  A kobold (D:1)
  7 bats
  4 rats
36 creatures vanquished.

Notes
Turn   | Place    | Note
-------+----------+-------------------------------------------
     0 | D:1      | AnimalWaves the Minotaur Berserker began the quest for the
                  | Orb.
     0 | D:1      | Reached XP level 1. HP: 19/19 MP: 0/0
   111 | D:1      | Reached XP level 2. HP: 19/27 MP: 1/1
   201 | D:1      | Reached skill level 4 in Axes
   921 | D:1      | Reached XP level 3. HP: 33/33 MP: 2/2
  1152 | D:2      | Reached skill level 5 in Axes
  1154 | D:2      | Reached ** piety under Trog
  1155 | D:2      | Reached XP level 4. HP: 13/40 MP: 3/3
  1163 | D:2      | HP: 2/40 [poisoned by an adder]
  1169 | D:2      | HP: 1/40 [poisoned by an adder]
  1172 | D:2      | Succumbed to an adder's poison

Illustrated notes

Levels and vault maps discovered:
D:1:      nzn_arrival_water_spiral, layout_loops_ring
D:2:      layout_basic

Skill      XL: |  1  2  3 |
---------------+----------+-----
Axes           | 4 5 |  5.8
Fighting       | |  3.9
Armour         | |  2.5
Dodging        | |  2.3

Action                   |  1- 3 |  4- 6 || total
-------------------------+-------+-------++-------
Melee: Hand axe          |    64 |     4 ||    68
       Headbutt          |     5 |       ||     5
Invok: Berserk           |     1 |       ||     1
  Use: Scroll            |       |     3 ||     3
       Potion            |       |     1 ||     1
  Eat: Chunk             |     1 |       ||     1
Armor: Animal skin       |    21 |       ||    21
Dodge: Dodged            |    52 |     5 ||    57
